 Dungeon Crawl Stone Soup version 0.19-a0-1091-g463c9de (webtiles) character file.

118292 4thArraOfDagon the Grappler (level 16, 0/210 HPs)
             Began as a Troll Arcane Marksman on Aug 7, 2016.
             Was the Champion of Dithmenos.
             Slain by a deep elf blademaster
             ... wielding a cursed -1 rapier
              (5 damage)
             ... on level 2 of the Elven Halls.
             The game lasted 01:24:05 (13807 turns).

4thArraOfDagon the Grappler (TrAM)                 Turns: 13807, Time: 01:24:06

Health: 0/210      AC: 32    Str: 21    XL:     16   Next: 25%
Magic:  24/26      EV: 14    Int: 19    God:    Dithmenos [******]
Gold:   610        SH:  0    Dex:  9    Spells: 2 memorised, 20 levels left

rFire  + . .     SeeInvis .       - Unarmed
rCold  . . .     Gourm    +     (armour currently unavailable)
rNeg   + . .     Faith    .     (no shield)
rPois  ∞         Spirit   .     o - +2 hat
rElec  +         Dismiss  .     X - +2 cloak
rCorr  .         Reflect  .     (gloves unavailable)
SustAt .         Harm     .     (boots unavailable)
MR     +++..                    R - amulet of magic regeneration
Stlth  +.........               z - ring of protection from magic
                                b - ring of wizardry

@: brilliant, statue-form, wreathed by umbra, studying 2 skills, very slow
A: unfitting armour, claws 3, horns 1, (molten scales 0), rugged brown scales 1,
fire resistance 1, fast metabolism 3, gourmand, magic resistance 1, regeneration
2, (shaggy fur 0), (tough skin 0), weak 1, evolution 1, MP-powered wands
a: End Transformation, Shadow Step, Shadow Form, Renounce Religion


You were on level 2 of the Elven Halls.
You worshipped Dithmenos.
Dithmenos was exalted by your worship.
You were very full.
You were a stone statue.
You visited 4 branches of the dungeon, and saw 26 of its levels.
You also visited: Labyrinth, Bailey, Ice Cave and Volcano.

You collected 2269 gold pieces.
You spent 1659 gold pieces at shops.

Inventory:

Hand Weapons
 G - the +4 mace of Fen Ruib {crush, Int+4}
   (You found it on level 8 of the Dungeon)

   It inflicts extra damage upon your enemies.
   It affects your intelligence (+4).
 Q - a +0 blowgun
Missiles
 c - 16 large rocks (quivered)
 Z - 10 curare-tipped needles
Armour
 d - a +0 shield of reflection
 o - a +2 hat (worn)
 N - a +1 troll leather armour
 O - a +2 robe of the Archmagi (melded)
 X - a +2 cloak (worn)
Magical Staves
 l - an uncursed staff of energy {!a}
Rods
 U - a +6 rod of inaccuracy (12/12)
   (You found it in a labyrinth)
Jewellery
 b - a ring of wizardry (left claw)
 h - an uncursed ring of protection from cold
 n - an uncursed ring of protection from fire
 w - an uncursed ring of resist corrosion
 z - a ring of protection from magic (right claw)
 A - an uncursed ring of flight
 R - an amulet of magic regeneration (around neck)
 S - a +4 ring of protection
Wands
 I - a wand of acid (2/15)
 T - a wand of disintegration (9/24)
 Y - a wand of disintegration (0/24)
Scrolls
 e - 4 scrolls of amnesia
 i - a scroll of remove curse
 j - 2 scrolls of identify
 k - a scroll of noise
 p - 2 scrolls of teleportation
 r - a scroll of vulnerability
 F - a scroll of summoning
 H - 5 scrolls of recharging
 J - a scroll of fog
Potions
 a - 4 potions of might
 q - 2 potions of brilliance
 s - 6 potions of flight
 u - a potion of haste
 x - 3 potions of cure mutation
 B - 6 potions of curing
 C - 4 potions of resistance
 D - a potion of ambrosia
 E - 4 potions of berserk rage
 K - 5 potions of lignification
 L - a potion of degeneration
Books
 m - a manual of Dodging
 v - an Akashic Record

   Spells                             Type                      Level
   a - Dispersal                      Translocation                6
   b - Malign Gateway                 Summoning/Translocation      7
   c - Disjunction                    Translocation                8
   d - Controlled Blink               Translocation                8
 y - a manual of Shields
 P - a book of the Earth

   Spells                             Type                      Level
   a - Leda's Liquefaction            Hexes/Earth                  4
   b - Bolt of Magma                  Conjuration/Fire/Earth       5
   c - Statue Form                    Transmutation/Earth          6
   d - Iron Shot                      Conjuration/Earth            6
   e - Shatter                        Earth                        9
Miscellaneous
 t - a phial of floods
 V - 2 phantom mirrors
 W - a fan of gales
Comestibles
 f - 10 bread rations
 g - 7 meat rations
 M - 10 royal jellies


   Skills:
 - Level 10.1 Fighting
 - Level 1.7 Throwing
 - Level 10.0 Dodging
 - Level 14.0 Unarmed Combat
 + Level 7.4 Spellcasting
   Level 2.0 Hexes
 * Level 5.6 Transmutations
 * Level 11.2 Earth Magic
 - Level 9.1 Invocations


You had 20 spell levels left.
You knew the following spells:

 Your Spells              Type           Power        Failure   Level  Hunger
a - Stone Arrow           Conj/Erth      #####.       1%          3    #......
b - Statue Form           Tmut/Erth      ######...    8%          6    ######.


Dungeon Overview and Level Annotations

Branches:
Dungeon (15/15)              Lair (6/6) D:9           Snake (0/4) Lair:3
  Slime (0/5) Lair:6          Orc (2/2) D:11            Elf (3/3) Orc:2
 Vaults (0/5) D:13
 Temple: D:4-7        Swamp: Lair:2-4    Shoals: Lair:2-4    Depths: D:15

Altars:
Dithmenos
Hepliaklqana
Kikubaaqudgha
Nemelex Xobeh
Okawaru
Jiyva

Shops:
D:4 :   D:6 *(:!   D:15 *   Orc:2 =%=!*

Annotations:
D:8 Erica
D:9 LAIR
D:15 exclusion: ice statue
Lair:3 COMBO
Lair:4 exclusion: upstairs
Elf:3 Louise


Innate Abilities, Weirdness & Mutations

You are too large for most types of armour.
You have claws for hands.
Your metabolism is lightning-fast.
You like to eat raw meat.
You heal very quickly.
((You are covered in fur. (AC +1)))
((You have very tough skin. (AC +2)))
You have a pair of small horns on your head.
((You are partially covered in molten scales. (AC +2)))
(You are partially covered in rugged brown scales. (AC +1, +3% HP))
Your flesh is heat resistant. (rF+)
You are resistant to hostile enchantments. (MR+)
You are weak. (Str -2)
You evolve.
You expend magic power (3 MP) to strengthen your wands.


Message History

Unknown command.
Unknown command.
You miss the deep elf blademaster.
Your headbutt misses the deep elf blademaster.
The deep elf blademaster is almost dead.
The deep elf blademaster hits you with an enchanted rapier!
* * * LOW HITPOINT WARNING * * *
The deep elf blademaster hits you but does no damage. x2
The deep elf blademaster completely misses you.
Unknown command.
Unknown command.
Okay, then.
You barely miss the deep elf blademaster.
Your headbutt misses the deep elf blademaster.
The deep elf blademaster is almost dead.
The deep elf blademaster barely misses you. x2
The deep elf blademaster hits you with an enchanted rapier.
* * * LOW HITPOINT WARNING * * *
The deep elf blademaster hits you with a rapier.
You die...

.......... #..### ##../'##
..(......# #...########.##
......... #.....### ##.#
.........+### #......####...
........#+.'###...)....##.##
........##.'.........)....##
........#'.{###........####
........))#e# #......###
..........#8##.....###
.........##.##...###
..........#)#..###
.........##.###
........####)# ....#...#
#.## ..###.. ###


You could see a deep elf blademaster.

Vanquished Creatures
  Donald (Elf:3)
  Roxanne (Elf:2)
  Aizul (Elf:3)
  3 deep elf sorcerers
  A frost giant (IceCv)
  A stone giant (D:10)
  An entropy weaver (Lab)
  The ghost of 4thArraOfDagon the Brawler, a journeyman TrAM of Dithmenos (Orc:2)
  A hydra (Lair:1)
  A centaur warrior (D:14)
  3 catoblepae (Lair:6)
  16 dancing weapons
  An ogre mage (D:10)
  22 death yaks
  3 orc high priests (Orc:2)
  4 deep elf knights
  4 skeletal warriors (D:14)
  An unseen horror (D:10)
  5 hill giants
  A harpy (D:10)
  12 deep elf archers
  3 wizards
  30 deep elf magi
  2 ugly things (D:10)
  A griffon (D:10)
  A hornet (D:10)
  4 orc sorcerers (Orc:2)
  2 wolf spiders (D:10)
  2 cyclopes (D:11)
  6 orc knights
  2 manticores
  4 black mambas
  8 elephants
  An ice statue (IceCv)
  A spiny frog (shapeshifter) (D:13)
  2 gargoyles
  A torpor snail (Lair:4)
  7 kobold demonologists
  6 spiny frogs
  4 yaktaurs (D:14)
  3 rime drakes
  4 komodo dragons
  6 trolls
  14 polar bears
  14 blink frogs
  A boulder beetle (D:10)
  2 two-headed ogres (D:13)
  A slime creature (D:10)
  2 flying skulls (Volcano)
  A centaur simulacrum (D:14)
  29 yaks
  5 air elementals
  2 water elementals (Elf:1)
  A wraith (D:14)
  A vampire (Volcano)
  A wyvern (D:13)
  2 shadows
  3 basilisks
  A fire elemental (Elf:1)
  3 hungry ghosts
  A warg (Orc:2)
  6 hippogriffs
  Menkaure (D:4)
  2 nagas (Lair:3)
  A mottled dragon (D:11)
  6 water moccasins
  29 orc warriors
  7 porcupines
  4 ice beasts
  A wasp (Lair:6)
  A necrophage (D:10)
  An eye of draining (D:10)
  A phantom (D:5)
  A black bear (D:13)
  11 ogres
  3 boggarts
  38 wolves
  13 centaurs
  12 crocodiles
  8 giant frogs
  3 big kobolds
  4 earth elementals
  A wyvern skeleton (D:14)
  6 killer bees (D:11)
  5 howler monkeys
  10 wights
  2 electric eels (D:9)
  3 crimson imps
  3 centaur zombies
  2 quasits
  A giant frog zombie (D:9)
  5 hounds
  4 jellies
  6 centaur skeletons
  6 giant frog skeletons
  9 orc priests
  7 iguanas
  18 orc wizards
  8 worker ants
  7 hell rats (Lair:5)
  5 sheep
  2 hound skeletons
  2 mummies (Volcano)
  A worker ant zombie (D:11)
  10 gnolls
  A howler monkey skeleton (D:7)
  7 adders
  25 river rats
  12 white imps (D:14)
  5 oozes (D:9)
  2 worms (D:5)
  2 dart slugs
  3 giant geckos
  86 orcs
  A giant cockroach (D:2)
  5 goblins
  3 hobgoblins
  7 jackals
  8 kobolds
  3 quokkas
  A ball python (D:7)
  12 bats
  2 giant newts
  11 rats
  A fungus (Lair:6)
  A plant (Lair:6)
742 creatures vanquished.

Vanquished Creatures (others)
  A deep elf high priest (Elf:3)
  2 death yaks (IceCv)
  An unseen horror (D:15)
  2 polar bears (IceCv)
  3 yaks (IceCv)
  A mottled dragon (D:15)
  2 wolves (IceCv)
  2 fungi
  8 plants
22 creatures vanquished.

Grand Total: 764 creatures vanquished

Notes
Turn   | Place    | Note
-------+----------+-------------------------------------------
     0 | D:1      | 4thArraOfDagon the Troll Arcane Marksman began the quest for the Orb.
     0 | D:1      | Reached XP level 1. HP: 18/18 MP: 1/1
    58 | D:1      | Reached skill level 1 in Unarmed Combat
    64 | D:1      | lets play it casually
   211 | D:2      | Reached XP level 2. HP: 26/26 MP: 2/2
   296 | D:2      | Reached skill level 2 in Unarmed Combat
   398 | D:3      | Found a sparkling altar of Nemelex Xobeh.
   407 | D:3      | Reached XP level 3. HP: 12/32 MP: 3/3
   423 | D:3      | Reached skill level 3 in Unarmed Combat
   482 | D:4      | Reached XP level 4. HP: 40/40 MP: 4/4
   485 | D:4      | Reached skill level 4 in Unarmed Combat
   535 | D:4      | Found Jesteen's Book Emporium.
   587 | D:4      | Reached XP level 5. HP: 40/46 MP: 5/5
   590 | D:4      | Noticed Menkaure
   594 | D:4      | Killed Menkaure
   594 | D:4      | Reached skill level 5 in Unarmed Combat
   658 | D:5      | Entered Level 5 of the Dungeon
   661 | D:5      | Noticed a centaur
   731 | D:5      | Reached skill level 6 in Unarmed Combat
   731 | D:5      | Reached XP level 6. HP: 42/54 MP: 6/6
   751 | D:5      | Found a shadowy altar of Dithmenos.
   789 | D:5      | Became a worshipper of Dithmenos the Shadowed
   845 | D:5      | Reached skill level 7 in Unarmed Combat
  1035 | D:6      | Reached XP level 7. HP: 52/61 MP: 7/7
  1081 | D:6      | Reached skill level 8 in Unarmed Combat
  1132 | D:6      | Found a shadowy altar of Dithmenos.
  1139 | D:6      | hi
  1186 | D:6      | Found Vomm's Book Shop.
  1205 | D:6      | Found Fuysi's Distillery.
  1219 | D:6      | Bought a potion of lignification for 45 gold pieces
  1219 | D:6      | Bought a potion of haste for 150 gold pieces
  1219 | D:6      | Bought a potion of lignification for 45 gold pieces
  1284 | D:6      | Reached skill level 9 in Unarmed Combat
  1332 | D:6      | Reached XP level 8. HP: 55/68 MP: 8/8
  1348 | D:6      | Reached * piety under Dithmenos
  1366 | D:6      | Found Raij's Assorted Antiques.
  1374 | D:6      | Bought a scroll labeled EFEYRE YPLIFAV for 30 gold pieces
  1405 | D:6      | Found Soudoj's Antique Weapon Emporium.
  1469 | D:7      | Reached skill level 10 in Unarmed Combat
  1692 | D:7      | Reached skill level 11 in Unarmed Combat
  1759 | D:7      | Found a hazy altar of Hepliaklqana.
  1818 | D:7      | Reached XP level 9. HP: 70/75 MP: 9/9
  1964 | D:6      | Bought a scroll labeled SEP RUOHIGG for 30 gold pieces
  1964 | D:6      | Bought a scroll labeled FULOYKL KOCS for 30 gold pieces
  1964 | D:6      | Bought a scroll labeled LAWYZE BALUO for 30 gold pieces
  1964 | D:6      | Bought a smoky purple potion for 27 gold pieces
  2036 | D:8      | Noticed Erica
  2122 | D:8      | Reached ** piety under Dithmenos
  2172 | D:8      | Reached skill level 12 in Unarmed Combat
  2212 | D:8      | Found an iron altar of Okawaru.
  2262 | D:8      | Found a flagged portal.
  2298 | Bailey   | Entered a bailey
  2375 | Bailey   | Reached skill level 1 in Fighting
  2494 | Bailey   | Reached *** piety under Dithmenos
  2595 | Bailey   | Noticed an orc knight
  2611 | Bailey   | Killed an orc knight
  2611 | Bailey   | Reached skill level 13 in Unarmed Combat
  2725 | Bailey   | Reached XP level 10. HP: 37/88 MP: 10/10
  2790 | Bailey   | Noticed an orc knight
  2836 | Bailey   | Killed an orc knight
  2930 | D:8      | Got a jewelled mace
  3011 | D:8      | Noticed a sixfirhy
  3348 | D:9      | Reached **** piety under Dithmenos
  3553 | D:9      | Reached skill level 14 in Unarmed Combat
  3623 | D:10     | Entered Level 10 of the Dungeon
  3649 | D:9      | Reached skill level 1 in Invocations
  3668 | D:9      | Reached skill level 5 in Dodging
  3758 | D:10     | Noticed a hill giant
  3768 | D:10     | Killed an unseen horror
  3768 | D:10     | Reached XP level 11. HP: 81/101 MP: 11/11
  3773 | D:10     | Killed a hill giant
  3776 | D:10     | Reached skill level 5 in Fighting
  3840 | D:10     | Noticed a stone giant
  3842 | D:10     | Noticed a wolf spider
  3842 | D:10     | Noticed an ogre mage
  3887 | D:10     | Killed a stone giant
  4011 | D:10     | Killed an ogre mage
  4054 | D:10     | Noticed a wolf spider
  4055 | D:10     | Noticed a white ugly thing
  4063 | D:10     | Killed a wolf spider
  4132 | D:10     | Noticed a harpy
  4132 | D:10     | Noticed a hill giant
  4136 | D:10     | Killed a harpy
  4139 | D:10     | Noticed a griffon
  4143 | D:10     | Noticed a hill giant
  4146 | D:10     | Killed a hill giant
  4343 | D:10     | Killed a griffon
  4366 | D:10     | Reached skill level 5 in Invocations
  4391 | D:10     | Killed a white ugly thing
  4391 | D:10     | Reached ***** piety under Dithmenos
  4400 | D:10     | Gained mutation: You are partially covered in molten scales. (AC +2) [mutagenic meat]
  4403 | D:10     | Gained mutation: You evolve. [mutagenic meat]
  4406 | D:10     | Gained mutation: You have a pair of small horns on your head. [mutagenic meat]
  4446 | D:10     | Killed a wolf spider
  4512 | D:10     | Killed a hill giant
  4532 | D:10     | Noticed a cyan ugly thing
  4538 | D:10     | Killed a cyan ugly thing
  4630 | D:11     | Reached XP level 12. HP: 97/115 MP: 15/15
  4766 | D:11     | Noticed a six-headed hydra
  5071 | D:13     | Got a faintly glowing spear
  5316 | D:14     | Found a frozen archway.
  5357 | IceCv    | Entered an ice cave
  5665 | IceCv    | Killed a death yak
  5709 | IceCv    | Killed a death yak
  5763 | IceCv    | Noticed a death yak
  5763 | IceCv    | Noticed a frost giant
  5786 | IceCv    | Killed a death yak
  5806 | IceCv    | Killed a frost giant
  5926 | D:15     | Entered Level 15 of the Dungeon
  5928 | D:15     | Noticed a catoblepas
  5930 | D:14     | Noticed a centaur warrior
  5937 | D:14     | Killed a centaur warrior
  5937 | D:14     | Reached XP level 13. HP: 102/128 MP: 18/18
  6049 | D:15     | Found Qedau's Assorted Antiques.
  6063 | D:15     | Bought a leatherbound book for 375 gold pieces
  6073 | D:15     | Gained mutation: You are partially covered in rugged brown scales. (AC +1, +3% HP) [potion of beneficial mutation]
  6299 | D:14     | Found a sparkling altar of Nemelex Xobeh.
  6557 | D:13     | Found a gate to the Vaults.
  6663 | D:12     | Reached ****** piety under Dithmenos
  6785 | D:11     | Gained mutation: You expend magic power (3 MP) to strengthen your wands. [potion of mutation]
  6785 | D:11     | Gained mutation: Your flesh is heat resistant. (rF+) [potion of mutation]
  6785 | D:11     | Gained mutation: You are weak. (Str -2) [potion of mutation]
  6814 | D:11     | Found a staircase to the Orcish Mines.
  6824 | Orc:1    | Entered Level 1 of the Orcish Mines
  6882 | Orc:2    | Entered Level 2 of the Orcish Mines
  6893 | Orc:2    | Noticed 4thArraOfDagon's ghost (journeyman TrAM)
  7079 | Orc:2    | Found Daav's Assorted Antiques.
  7156 | Orc:2    | Bought a pink potion for 21 gold pieces
  7178 | Orc:2    | Found a staircase to the Elven Halls.
  7257 | Orc:2    | Reached skill level 10 in Dodging
  7376 | Orc:2    | Reached skill level 10 in Fighting
  7389 | Orc:2    | Found Xuochi's Jewellery Boutique.
  7389 | Orc:2    | Found Reummir's Distillery.
  7391 | Orc:2    | Found Daylagg's Jewellery Boutique.
  7391 | Orc:2    | Found Zysiy's Food Emporium.
  7402 | Orc:2    | Bought a potion of lignification for 36 gold pieces
  7402 | Orc:2    | Bought a potion of curing for 36 gold pieces
  7402 | Orc:2    | Bought a potion of curing for 36 gold pieces
  7402 | Orc:2    | Bought a potion of lignification for 36 gold pieces
  7402 | Orc:2    | Bought a potion of curing for 36 gold pieces
  7402 | Orc:2    | Bought a potion of resistance for 120 gold pieces
  7481 | Orc:2    | Killed 4thArraOfDagon's ghost
  7628 | Orc:2    | Bought an uncursed ring of wizardry for 480 gold pieces
  7764 | D:9      | Found a staircase to the Lair.
  7775 | Lair:1   | Entered Level 1 of the Lair of Beasts
  7838 | Lair:1   | Reached XP level 14. HP: 45/147 MP: 19/19
  7973 | Lair:2   | Found a labyrinth entrance.
  7994 | Lab      | Entered a labyrinth
  8314 | Lab      | Noticed an entropy weaver
  8314 | Lab      | a minotaur changed into an entropy weaver
  8325 | Lab      | Killed an entropy weaver
  8335 | Lab      | Identified the Collected Works on Calling and Snow (You found it in a labyrinth)
  8335 | Lab      | Identified the Catalogue of Lethal Earth (You found it in a labyrinth)
  8335 | Lab      | Identified the +4 mace of Fen Ruib {crush, Int+4} (You found it on level 8 of the Dungeon)
  8336 | Lab      | Identified the +8 spear of the Countless Eyes {drain, Dex+3} (You found it on level 13 of the Dungeon)
  8338 | Lab      | Got an iridescent dagger
  8340 | Lab      | Got a warped lapis lazuli ring
  8342 | Lab      | Identified the cursed ring "Peuschae" {*Contam +Inv rN+ Slay-3} (You found it in a labyrinth)
  8351 | Lab      | Identified a +6 rod of inaccuracy (12/12) (You found it in a labyrinth)
  8357 | Lab      | Learned a level 3 spell: Stone Arrow
  8422 | Lair:2   | Reached skill level 1 in Earth Magic
  8874 | Lair:3   | Found a staircase to the Snake Pit.
  8886 | Lair:3   | Gained mutation: You are resistant to hostile enchantments. (MR+) [evolution]
  9293 | Lair:5   | Reached skill level 5 in Earth Magic
  9312 | Lair:6   | Entered Level 6 of the Lair of Beasts
  9379 | Lair:6   | Reached skill level 5 in Spellcasting
  9508 | Lair:6   | Found a dark tunnel.
  9519 | Volcano  | Entered a volcano
  9941 | Lair:6   | Found a staircase to the Slime Pits.
  9946 | Lair:6   | Found a viscous altar of Jiyva.
 10447 | Lair:6   | Reached XP level 15. HP: 58/153 MP: 22/22
 11376 | Elf:1    | Entered Level 1 of the Elven Halls
 11648 | Elf:2    | Reached skill level 10 in Earth Magic
 11661 | Elf:2    | Noticed a deep elf sorcerer
 11662 | Elf:2    | Noticed Roxanne
 11671 | Elf:2    | Killed a deep elf sorcerer
 11767 | Elf:2    | Found an ancient bone altar of Kikubaaqudgha.
 11831 | Elf:2    | Killed Roxanne
 11842 | Elf:2    | Learned a level 6 spell: Statue Form
 11895 | Elf:3    | Entered Level 3 of the Elven Halls
 11925 | Elf:3    | Noticed Aizul
 11943 | Elf:3    | Killed Aizul
 11943 | Elf:3    | Reached skill level 1 in Transmutations
 12184 | Elf:3    | Noticed Donald
 12219 | Elf:3    | HP: 11/229 [Donald/broad axe (12)]
 12220 | Elf:3    | Killed Donald
 12349 | Elf:3    | Noticed a deep elf sorcerer
 12363 | Elf:3    | Killed a deep elf sorcerer
 12364 | Elf:3    | Noticed a deep elf blademaster
 12371 | Elf:3    | Noticed Louise
 12372 | Elf:3    | Noticed a deep elf sorcerer
 12372 | Elf:3    | Noticed a deep elf blademaster
 12372 | Elf:3    | Noticed a deep elf sorcerer
 12916 | Orc:2    | Bought a potion of brilliance for 48 gold pieces
 12916 | Orc:2    | Bought a potion of brilliance for 48 gold pieces
 13266 | Elf:1    | Noticed a deep elf sorcerer
 13276 | Elf:1    | Killed a deep elf sorcerer
 13532 | Elf:2    | Reached XP level 16. HP: 120/162 MP: 25/25
 13547 | Elf:2    | Found a runed gate.
 13547 | Elf:2    | Found a runed gate.
 13551 | Elf:2    | Found a runed gate.
 13645 | Elf:2    | Reached skill level 5 in Transmutations
 13786 | Elf:2    | Noticed a deep elf blademaster
 13806 | Elf:2    | HP: 6/210 [deep elf blademaster/enchanted rapier (9)]
 13807 | Elf:2    | Slain by a deep elf blademaster

Vault maps used:
D:1:      minmay_arrival_wavy_path
D:3:      nemelex_altar_shiori, uniq_crazy_yiuf_cottage
D:4:      serial_shops, nicolae_shop_crystal, kennysheep_cluttered_room,
          grunt_decor_cap, trog_hazing_becter, uniq_menkaure
D:5:      first_bread, grunt_dithmenos_shadows
D:6:      serial_glass, glass_columns_b, glass_columns_a, glass_columns_a,
          glass_columns_a, serial_shops, shop, nicolae_shop_overgrown_old_shop,
          nicolae_shop_stone, nicolae_shop_statue_plus,
          nicolae_shop_window_shopping, basic_altar, nrook_loot_triangle,
          minmay_misc_feat_ornament
D:7:      minitemple, minmay_checkerbox
D:8:      kennysheep_little_box, enter_bailey_3, uniq_erica
D:9:      grunt_lair_entry_orc_guard_hut, hangedman_little_slice_of_home,
          serial_bayou_ford_a, minmay_nine_imps
D:10:     minmay_the_grid_2x2
D:11:     orc_0_dummy, special_room
D:12:     hangedman_glass_garden, minmay_misc_feat_x, uniq_azrael
D:13:     david_vaults_4
D:14:     portal_ice_cave_entry_imps, old_standard_altar
D:15:     grunt_enter_depths_snipers, nicolae_ru_the_path_less_chosen,
          serial_shops, shop, shop, shop, minivault_16
Lair:2:   beast_lair_carwin_large_1, lab_entry_generic, minivault_19,
          st_stairs_6, grunt_megastairs_5
Lair:3:   nicolae_swamp_entry_splash_gauntlet, guppyfry_snake_entry_island,
          infiniplex_staircase_pool
Lair:4:   st_stairs_4
Lair:6:   evilmike_catoblepas_cave, slime_altar_1, enter_volcano_1,
          serial_bayou_lagoon_b, serial_bayou_shore_b
Orc:2:    grunt_orc_tribal_feast, special_room, serial_shops, nicolae_shop_trees
Elf:1:    elf_arrival_001, hangedman_elf_disciples
Elf:2:    basic_altar, small_statue_intersection, uniq_roxanne
Elf:3:    minmay_elf_hall_golems, serial_shops, shop, uniq_aizul, uniq_donald,
          uniq_saint_roka, uniq_louise
Lab:      labyrinth_fake_exit, labyrinth_glass_2, labyrinth_skeletal_remains
Bailey:   bailey_polearm_5, bailey
IceCv:    ice_cave_caverns_02
Volcano:  volcano_tomb

Skill      XL: |  1  2  3  4  5  6  7  8  9 10 11 12 13 14 15 16 |
---------------+-------------------------------------------------+-----
Unarmed Combat | 1 2 3 4 6 7 9 11 13 14 | 14.0
Fighting       | 2 4 6 8 10 | 10.1
Dodging        | 3 5 7 9 10 | 10.0
Invocations    | 1 5 8 9 |  9.1
Spellcasting   | 3 5 7 |  7.4
Earth Magic    | 8 10 11 | 11.2
Transmutations | 4 5 |  5.6
Throwing       | |  1.7
Hexes          | |  2.0

Action                   |  1- 3 |  4- 6 |  7- 9 | 10-12 | 13-15 | 16-18 || total
-------------------------+-------+-------+-------+-------+-------+-------++-------
Melee: Unarmed           |    53 |    91 |   294 |   651 |  1544 |   103 ||  2736
       Punch             |       |     2 |    11 |    43 |    91 |     1 ||   148
       Headbutt          |       |       |       |    57 |   278 |     6 ||   341
 Fire: Blowgun           |       |       |       |     3 |       |       ||     3
Throw: Large rock        |       |     4 |     6 |    19 |    32 |       ||    61
       Throwing net      |       |       |     3 |     1 |     3 |       ||     7
 Cast: Statue Form       |       |       |       |       |       |     4 ||     4
Invok: Shadow Form       |       |       |       |       |     3 |       ||     3
Evoke: Wand              |       |       |     6 |     7 |    37 |     7 ||    57
       Phial of floods   |       |       |       |       |     2 |       ||     2
       Phantom mirror    |       |       |       |       |     1 |       ||     1
  Use: Potion            |     1 |       |     1 |     7 |    13 |     1 ||    23
       Scroll            |       |     1 |    12 |    14 |    23 |     1 ||    51
 Stab: Sleeping          |     1 |       |       |     2 |     2 |       ||     5
       Distracted        |       |       |     1 |       |     1 |       ||     2
       Held in net/web   |       |       |       |     1 |       |       ||     1
       Invisible         |       |       |       |       |    18 |       ||    18
  Eat: Chunk             |     2 |    12 |    21 |    41 |    75 |     4 ||   155
       Beef jerky        |       |       |       |       |     1 |       ||     1
Armor: Robe              |     9 |    27 |    64 |    77 |    49 |    16 ||   242
       Skin              |       |       |     1 |     2 |       |    55 ||    58
       Troll hide        |       |       |       |    10 |       |       ||    10
       Troll leather arm |       |       |       |   111 |   311 |       ||   422
Dodge: Dodged            |    21 |    49 |   116 |   414 |   725 |    62 ||  1387
